← All builds
Pond / Armada / Economy first / OBSERVED BUILD

Fatboy buy

Armada Pond build order · Supreme Isthmus

Pond funds Tech to produce a Fatboy from 5:04 and gets it delivered by Hephaestus to push the front early.

#team support #push · 459 distinct matches · 112 players · 25% of Armada Pond games · team won 48% of 496 · Recently observed

THE CATCH, AND WHAT COMES WITH IT
  • FatboyFatboy from Tech arrives 5:04 · 21% of role by thenTech makes it and hands it over.
  • HephaestusHeavy transport from an ally in 80%21% of all Pond games by then

Paid for by sending allies about 1,100 metal and 13,000 energy by 5:00; standard pond sends 0 metal and 9,000 energy.

Where those units first fight, in 466 games with kill data: in the middle 86%, on their own side 14%.

Those units destroy a typical 2,938 metal of enemy units by 15:00.

Then transitions into tick (31% of army), pawn (15% of army), blitz (8% of army).

HOW TO PLAY IT

Key timing: Fatboy to front by 5:02

  1. Open tidals and mex, add wind as usual Pond eco.
  2. Grab a heavy transport from air to fly it forward.
  3. Send Tech heavy metal and energy to buy a Fatboy.
  4. Get Fatboy handed over from Tech's factory for front.
  5. Fight in middle with Fatboy, then return to normal Tick and Pawn lab output.

Phase by phase

TYPICAL OF ITS 459 GAMES · AGAINST STANDARD POND
  1. 1
  2. 2
PLAY THE OPENING

Follow the example game's first 6:05 step by step: what to build now, what comes next, and where it goes. At 1× it keeps pace with your own game.

  1. 1

    Up to the Bot Lab

    Economy
    • Metal Extractor4Mex
    • Wind Turbine10Wind
    • Tidal Generator8Tidalfor allies
    • Tidal Generator1Tidal
    • Energy Converter2Converter
    • Energy Storage1Energy storage
    Order
    1. Bot LabBot Lab after 4 mex, 11 wind, 2 converterdone ~5:55, middle half 4:53–6:58

    The standard build makes here, this one skips: 2 con bot

    By 5:27 in all: 4 mex · 10 wind · 1 tidal · 2 converter · 1 energy storage

    The example game in this phase · 10 steps
    1. Tidal ×8for Suicide front
    2. Tidal ×2
    3. Mex ×3
    4. Wind ×4
    5. Energy storage
    6. Mex
    7. Wind ×4
    8. Converter ×4
    9. Wind ×7
    10. Bot LabBot Labdone 5:41 · typical 5:55
  2. 2

    Bot Lab to 10:00

    Economy
    • Wind Turbine7Wind−20 vs standard
    Builders
    • Construction Turret1 Con turret
    • Construction Bot2 Con bot +2 vs standard
    Army
    • Tick6 Tick +6 vs standard

    Some games also: Lazarus (45%) · converter (34%) · eat Bot Lab (37%)

    The standard build makes here, this one skips: 6 converter

    By 10:00 in all: 4 mex · 22 wind (standard 38) · 1 tidal · 4 converter (standard 9) · 1 energy storage · 2 con turret

    The example game in this phase · 166 steps
    1. TickTick ×2
    2. Wind
    3. TickTick ×33
    4. Construction BotCon bot ×2
    5. TickTick ×11
    6. Construction BotCon bot
    7. TickTick ×6
    8. Con turret
    9. TickTick ×2
    10. Twin GuardTwin Guard
    11. CastroCastro
    12. TickTick
    13. Con turret
    14. TickTick
    15. Con turret
    16. TickTick ×2
    17. Advanced Metal ExtractorT2 mexdone 10:23 · typical 9:52
    18. Con turret
    19. Con turret
    20. TickTick ×2
    21. Metal storage
    22. TickTick
    23. LazarusLazarus
    24. Advanced Metal ExtractorT2 mex
    25. TickTick
    26. Advanced Metal ExtractorT2 mex
    27. TickTick
    28. Twin GuardTwin Guard
    29. Wind ×2
    30. Con turret
    31. Wind
    32. Construction BotCon bot
    33. Wind
    34. Construction BotCon bot
    35. Wind ×2
    36. Radar TowerRadar Tower
    37. Wind ×2
    38. Construction BotCon bot
    39. Con turret
    40. Wind
    41. TickTick
    42. Wind
    43. TickTick ×2
    44. Wind
    45. TickTick
    46. Advanced Metal ExtractorT2 mex
    47. Con turret
    48. Wind
    49. TickTick ×2
    50. Wind
    51. TickTick ×2
    52. Advanced Metal ExtractorT2 mex
    53. TickTick
    54. Twin GuardTwin Guard
    55. TickTick
    56. Wind
    57. TickTick ×5
    58. Wind
    59. TickTick ×5
    60. Wind
    61. TickTick ×3
    62. Bot LabBot Labdone 11:33
    63. TickTick
    64. Wind
    65. TickTick ×4
    66. Con turret
    67. Wind
    68. TickTick ×4
    69. Con turret
    70. TickTick ×2
    71. Wind
    72. TickTick
    73. Con turret
    74. TickTick
    75. Advanced Metal ExtractorT2 mex
    76. TickTick
    77. Construction BotCon bot
    78. TickTick ×2
    79. Wind
    80. TickTick
    81. Construction BotCon bot
    82. Con turret
    83. TickTick ×3
    84. Construction BotCon bot
    85. Wind
    86. Con turret
    87. TickTick ×2
    88. Wind
    89. TickTick ×2
    90. Advanced Metal ExtractorT2 mex
    91. Wind
    92. TickTick
    93. AgitatorAgitatornot finished by 15:00
    94. TickTick
    95. Wind
    96. Twin GuardTwin Guard
    97. TickTick
    98. Wind
    99. TickTick ×2
    100. CastroCastro
    101. Wind
    102. TickTick
    103. Wind
    104. TickTick
    105. ShipyardShipyarddone 12:41
    106. TickTick
    107. Wind
    108. TickTick
    109. Wind
    110. TickTick
    111. Wind
    112. Construction BotCon bot
    113. Advanced Metal ExtractorT2 mex
    114. TickTick
    115. OppressorDestroyerdone 13:01
    116. Wind
    117. TickTick
    118. Construction BotCon bot
    119. TickTick
    120. Wind ×3
    121. TickTick
    122. OppressorDestroyer
    123. Wind
    124. TickTick ×2
    125. Con turret
    126. Wind
    127. TickTick ×2
    128. Wind
    129. Twin GuardTwin Guard
    130. TickTick ×3
    131. OppressorDestroyer
    132. Wind
    133. TickTick ×2
    134. Wind
    135. TickTick ×3
    136. Wind
    137. Advanced Metal ExtractorT2 mex
    138. TickTick ×2
    139. OppressorDestroyer
    140. Wind
    141. TickTick ×2
    142. Twin GuardTwin Guard
    143. TickTick
    144. Wind
    145. TickTick ×3
    146. Wind
    147. TickTick ×3
    148. Wind
    149. TickTick ×4
    150. Wind
    151. TickTick ×3
    152. Twin GuardTwin Guard
    153. TickTick
    154. Advanced Metal ExtractorT2 mex
    155. Wind
    156. TickTick ×5
    157. Wind
    158. TickTick ×4
    159. Wind
    160. TickTick ×3
    161. Wind
    162. TickTick ×4
    163. Wind
    164. TickTick
    165. Wind
    166. TickTick ×2

Counts are medians over the build's games: half of them build more, half fewer. The example game is [A7O]SuperTetra's (32 OS, 28/08/2026); pick another.

Team trades

IN AT LEAST 30% OF ITS GAMES

You hand over

  • Tidal Generator8 Tidal to Suicide front or Frontfirst at 0:10 · in 97% of games

You get

  • Hephaestus1 Heavy transport from Air or Techfirst at 4:50 · in 82% of games
  • Fatboy1 Fatboy from Techfirst at 5:05 · in 100% of games
  • Advanced Construction Bot1 T2 con bot from Techfirst at 8:14 · in 96% of games

How it plays out

Typical game of this build against the role’s standard build, running totals by minute

  • This build
  • Standard pond

Metal produced

010k20k30k
0:005:0010:0015:00

metal

Enemy metal destroyed

02k4k6k
0:005:0010:0015:00

metal

Own metal lost

02k4k
0:005:0010:0015:00

metal

Metal sent to allies

01k2k
0:005:0010:0015:00

metal

Energy sent to allies

020k40k60k
0:005:0010:0015:00

metal

496 games.

Show as table
ByMetal produced: This buildMetal produced: Standard pondEnemy metal destroyed: This buildEnemy metal destroyed: Standard pondOwn metal lost: This buildOwn metal lost: Standard pondMetal sent to allies: This buildMetal sent to allies: Standard pondEnergy sent to allies: This buildEnergy sent to allies: Standard pond
1:0011511500000012911282
2:0026926800000026102781
3:0080979900000039864436
4:00148814730000404064756138
5:0022222185000011101131118989
6:0029802995000013872321827612657
7:0038153910360210014744372142815669
8:0047064948125717018911715674632425519216
9:0056646223206137946331616174682659021289
10:0067947705297661194655216514902926823110
11:00824296453532842145585517325183073726170
12:00995212052390411691880128917525243260527931
13:001219714538442015532333187618036263540630525
14:001453017427487721342929253518586653878131558
15:001711620188536925993509324919377084236732681
WHAT THE NUMBERS SAY

Same win rate as the standard build but destroys far more enemy metal by 15:00 at the cost of much higher own metal production lost.

  • + Destroys 5806 enemy metal by 15:00 vs 2962 standard.
  • + Reclaims Bot Lab in 39% of games to recoup metal.
  • − Own metal lost roughly doubles by 10:00 (988 vs 440).
  • − Metal production falls behind standard by 15:00 (17452 vs 20971).
THE EXAMPLE YOU ARE READING

[A7O]SuperTetra

32.1 OS · 28/08/2026

Open source match ↗

90 received units · includes a constructor
1328 metal received · 101457 energy received

Allied construction assistance is unknown. Timings are observations, not a promise of solo reproducibility.

Typical milestones

Bot Lab5:55Middle 50%: 4:53–6:58 · n=443
Advanced Metal Extractor9:52Middle 50%: 9:06–10:35 · n=469

Played most by

Teaner43games of this buildHummell20games of this buildDRM17games of this build_X_17games of this build[Grump]Grumpiness16games of this build